 Dungeon Crawl Stone Soup version 0.31.0-12-g77e489cdc1 (webtiles) character file.

Game seed: 6759745474193466201

22 javelincjr the Changeling (level 2, -2/22 HPs)
             Began as a Demonspawn Shapeshifter on Feb 14, 2024.
             Slain by Sigmund
             ... wielding a +0 scythe
              (5 damage)
             ... on level 2 of the Dungeon.
             The game lasted 00:01:50 (764 turns).

javelincjr the Changeling (Demonspawn Shapeshifter)  Turns: 764, Time: 00:01:51

Health: -2/22      AC:  2    Str: 14    XL:     2   Next: 68%
Magic:  2/2        EV: 12    Int: 10    God:
Gold:   40         SH:  4    Dex: 12    Spells: 1/1 levels left

rFire   . .          .
                       - Unarmed
rCold   . . .        (no shield)
rNeg    . . .        a - +0 animal skin
rPois   .            (helmet currently unavailable)
rElec   .            (cloak currently unavailable)
rCorr   .            (gloves currently unavailable)
SInv    .            (boots currently unavailable)
Will    .....        (no amulet)
Stlth   +            (no ring)
HPRegen 0.23/turn    (no ring)
MPRegen 0.08/turn

%: no passive effects
@: beast-form
A: beast (slay +1), large bone plates 1
a: Begin Untransformation


You were on level 2 of the Dungeon.
You were a hulking beast.
You visited 1 branch of the dungeon, and saw 2 of its levels.

You collected 40 gold pieces.

Inventory:

Armour
 a - a +0 animal skin (worn)
 e - a +0 pair of boots
Talismans
 c - a beast talisman
 d - a flux talisman
Scrolls
 j - a scroll of vulnerability {unknown}
 l - a scroll of butterflies {unknown}
 m - 2 scrolls of identify {unknown}
Potions
 b - a potion of lignification
 f - a potion of curing {unknown}
 g - a potion of brilliance {unknown}
 h - a potion of ambrosia {unknown}
 i - a potion of degeneration {unknown}
 n - a potion of might {unknown}


   Skills:
 + Level 1.7 Fighting
 - Level 1.7 Dodging
 - Level 2.6 Unarmed Combat
 * Level 3.2 Shapeshifting


You had one spell level left.
You didn't know any spells.
Your spell library was empty.

Dungeon Overview and Level Annotations

Branches:
Dungeon (2/15)

Altars:

Annotations:
D:2 Sigmund


Innate Abilities, Weirdness & Mutations

You are a hulking beast.
Your limbs bulge with bestial killing power. (Slay +1)
You are partially covered in large bone plates. (SH +4)


Message History

No target in view!
Sigmund the Dreaded comes into view.
He is wielding a +0 scythe.
Sigmund shouts!
There is an open door here.
Throw: 4 darts (poison)
Press: ? - help, Q - select action Shift-Dir - straight line, f - Sigmund
Aim: Sigmund, wielding a +0 scythe and wearing a +0 robe (52% to hit)
You throw a poisoned dart. The poisoned dart hits Sigmund.
Throw: 3 darts (poison)
Press: ? - help, Q - select action Shift-Dir - straight line, f/p - Sigmund
Aim: Sigmund, wielding a +0 scythe and wearing a +0 robe (50% to hit)
You throw a poisoned dart. The poisoned dart hits Sigmund.
Throw: 2 darts (poison)
Press: ? - help, Q - select action Shift-Dir - straight line, f/p - Sigmund
Aim: Sigmund, wielding a +0 scythe and wearing a +0 robe (52% to hit)
You throw a poisoned dart.
The poisoned dart closely misses Sigmund.
Throw: dart (poison)
Press: ? - help, Q - select action Shift-Dir - straight line, f/p - Sigmund
Aim: Sigmund, wielding a +0 scythe and wearing a +0 robe (52% to hit)
You throw a poisoned dart.
The poisoned dart completely misses Sigmund.
Sigmund hits you from afar with a +0 scythe!
Sigmund barely misses you.
There is an open door here.
You barely miss Sigmund. You hit Sigmund but do no damage.
Sigmund casts a spell.
Sigmund flickers and vanishes!
Deactivating autopickup; reactivate with Ctrl-A.
You punch something!
You hear some strange, mumbled words.
Something tries to affect you, but you resist.
You hit something. Something hits you!
Ouch! That really hurt!
* * * LOW HITPOINT WARNING * * *
You miss something. You block something's attack.
You hit something. You completely miss something. Something hits you.
You die...

##.....##
##.......##
#.........#
+.........+
#..<......#
##.......##
##.....##
##..>##
##h## #{#
#.# #(#
..@...(...#
#.###.....#
##.(..#
##.#.#
.....


There were no monsters in sight!

Vanquished Creatures
  2 dart slugs (D:1)
  A bat (D:1)
  3 endoplasms
  A giant cockroach (D:1)
  3 goblins (D:1)
  A hobgoblin (D:1)
  A quokka (D:1)
  2 kobolds (D:1)
  A rat (D:1)
15 creatures vanquished.

Notes
Turn   | Place    | Note
-------+----------+-------------------------------------------
     0 | D:1      | javelincjr the Demonspawn Shapeshifter began the quest for
                  | the Orb.
     0 | D:1      | Reached XP level 1. HP: 15/15 MP: 1/1
   145 | D:1      | Reached skill level 3 in Shapeshifting
   148 | D:1      | Gained mutation: You are partially covered in large bone
                  | plates. (SH +4) [demonic ancestry]
   148 | D:1      | Reached XP level 2. HP: 17/21 MP: 2/2
   748 | D:2      | Noticed Sigmund
   764 | D:2      | Slain by Sigmund

Illustrated notes

Levels and vault maps discovered:
D:1:      kennysheep_arrival_seaside, layout_rooms, minmay_tall_x
D:2:      layout_loops_corners, serial_shops, nicolae_shop_hallway_plus,
          uniq_jessica, uniq_sigmund

Skill      XL: |  1 |
---------------+----+-----
Shapeshifting  | 3 |  3.2
Fighting       | |  1.7
Dodging        | |  1.7
Unarmed Combat | |  2.6

Action                     || total
---------------------------++-------
  Melee: Unarmed           ||    51
         Punch             ||     1
  Throw: Dart              ||     4
   Stab: Sleeping          ||     1
 Armour: Animal skin       ||    18
  Dodge: Dodged            ||    19
  Block: Other             ||     2
